 Dungeon Crawl Stone Soup version 0.28-a0-850-g09de17f5b5 (webtiles) character file.

Game seed: 11572734181975767333

667 avis the Cudgeller (level 7, 0/62 HPs)
             Began as a Naga Warper on Nov 14, 2021.
             Slain by a killer bee zombie (4 damage)
             ... on level 5 of the Dungeon.
             The game lasted 00:30:34 (4213 turns).

avis the Cudgeller (Naga Warper)                    Turns: 4213, Time: 00:30:34

Health: 0/62       AC:  4    Str: 15    XL:     7   Next: 57%
Magic:  8/11       EV:  9    Int: 14    God:
Gold:   221        SH:  0    Dex: 10    Spells: 2/12 levels left

rFire   . . .      SeeInvis +   a - +0 flail (drain)
rCold   . . .      Faith    .   (no shield)
rNeg    . . .      Spirit   .   C - +1 robe {Archmagi}
rPois   +          Reflect  .   (no helmet)
rElec   .          Harm     .   (no cloak)
rCorr   .          Rampage  .   (no gloves)
Will    .....      Archmagi +   (no barding)
Stlth   +.........              v - amulet of the acrobat
HPRegen 0.20/turn               E - ring of wizardry
MPRegen 0.12/turn               (no ring)

@: very slow
A: AC +2, large, see invisible, deformed body, poison resistance, slowness 2,
spit poison 1, naga tail 1
a: Spit Poison


You were on level 5 of the Dungeon.
You visited 1 branch of the dungeon, and saw 5 of its levels.

You collected 221 gold pieces.

Inventory:

Hand Weapons
 a - a +0 flail of draining (weapon)
 b - a +0 hunting sling
 l - a +0 whip
 m - a +0 mace
 z - a +2 dagger of holy wrath
Missiles
 d - 2 boomerangs of dispersal (quivered)
 e - 20 bolts
 f - 159 stones
 r - 25 arrows
 t - 40 sling bullets
 y - 3 boomerangs
 H - 10 poisoned darts
Armour
 w - a +0 leather armour of cold resistance
 x - a +0 buckler
 C - a +1 robe of the Archmagi (worn)
Jewellery
 g - an amulet of magic regeneration
 v - an amulet of the acrobat (around neck)
 E - a ring of wizardry (left hand)
Wands
 u - a wand of mindburst (10)
Scrolls
 c - a scroll of blinking
 i - 2 scrolls of teleportation {unknown}
 j - 2 scrolls of acquirement {unknown}
 o - a scroll of enchant weapon {unknown}
 p - 2 scrolls of identify {unknown}
 q - a scroll of noise {unknown}
Potions
 h - a potion of attraction {unknown}
 k - 2 potions of curing {unknown}
 n - a potion of haste {unknown}
 s - a potion of degeneration {unknown}
 A - a potion of lignification {unknown}
 B - a potion of ambrosia {unknown}
 D - a potion of resistance {unknown}
 F - a potion of cancellation {unknown}
 G - a potion of heal wounds {unknown}


   Skills:
 - Level 3.0 Fighting
 * Level 6.9 Maces & Flails
 - Level 0.8 Throwing
 - Level 0.7 Armour
 - Level 1.5 Dodging
 - Level 3.0 Spellcasting
 + Level 4.2 Translocations


You had 2 spell levels left.
You knew the following spells:

 Your Spells              Type           Power      Damage    Failure   Level
b - Blink                 Tloc           40%        N/A       2%          2
o - Teleport Other        Tloc           20%        N/A       4%          3
M - Manifold Assault      Tloc           20%        N/A       38%         5

Your spell library contained the following spells:

 Spells                   Type           Power      Damage    Failure   Level
 Gell's Gravitas          Tloc           20%        N/A       4%          3
 Lesser Beckoning         Tloc           20%        N/A       4%          3


Dungeon Overview and Level Annotations

Branches:
Dungeon (4/15)
 Temple: D:4-7

Altars:
Makhleb
Xom
Zin

Shops:
D:3 *


Innate Abilities, Weirdness & Mutations

Your serpentine skin is tough. (AC +2)
You have supernaturally acute eyesight. (SInv)
Armour fits poorly on your strangely shaped body.
Your system is resistant to poisons. (rPois)
You cover ground very slowly.
You can spit poison.
You have a snake-like lower body.


Message History

You hit the killer bee zombie.
The killer bee zombie is lightly damaged.
The killer bee zombie misses you. The killer bee zombie hits you!
You closely miss the killer bee zombie.
The killer bee zombie is lightly damaged.
The killer bee zombie hits you.
The killer bee zombie hits you but does no damage.
You closely miss the killer bee zombie.
The killer bee zombie is lightly damaged.
The killer bee zombie closely misses you. x2
You closely miss the killer bee zombie.
The killer bee zombie is lightly damaged.
The killer bee zombie barely misses you.
The killer bee zombie hits you but does no damage.
You completely miss the killer bee zombie.
The killer bee zombie is lightly damaged.
The killer bee zombie hits you. x2
* * * LOW HITPOINT WARNING * * *
You barely miss the killer bee zombie.
The killer bee zombie is lightly damaged.
The killer bee zombie hits you.
* * * LOW HITPOINT WARNING * * *
The killer bee zombie hits you.
* * * LOW HITPOINT WARNING * * *
Aiming: Mindburst
Press: ? - help, Shift-Dir - straight line, f/p - killer bee zombie
Aim: a killer bee zombie (lightly damaged, not susceptible)
Okay, then.
Okay, then.
Casting: Blink (safe; 2% risk of failure)
Confirm with . or Enter, or press ? or * to list all spells.
Aiming: Teleport Other (dangerous; 4% risk of failure)
Press: ? - help, Shift-Dir - straight line, f/p - killer bee zombie
Aim: a killer bee zombie (lightly damaged, chance to affect: 72%)
You feel a surge of power!
The killer bee zombie looks slightly unstable.
The killer bee zombie hits you.
* * * LOW HITPOINT WARNING * * *
The killer bee zombie hits you.
You die...

. .. .## ...
.. .
#######.#...#
#..)..(..(Z#
#Z#####......
###@### ##.##
#.)...#
#.....#
#.....#
#.....#
#.....#
#######


You could see a killer bee zombie.

Vanquished Creatures
  Sigmund (D:3)
  Edmund (D:5)
  An ogre (D:4)
  An iguana (D:5)
  Ijyb (D:3)
  5 orc wizards
  5 adders
  An ufetubus (D:4)
  A worm (D:2)
  13 orcs
  9 bats
  8 endoplasms
  2 giant cockroaches
  5 goblins
  10 hobgoblins
  8 jackals (D:1)
  5 kobolds
  2 quokkas
  7 ball pythons
  2 frilled lizards (D:1)
  5 rats
93 creatures vanquished.

Vanquished Creatures (others)
  7 plants (D:3)
  6 withered plants (D:2)
13 creatures vanquished.

Grand Total: 106 creatures vanquished

Notes
Turn   | Place    | Note
-------+----------+-------------------------------------------
     0 | D:1      | avis the Naga Warper began the quest for the Orb.
     0 | D:1      | Reached XP level 1. HP: 19/19 MP: 3/3
    68 | D:1      | Reached XP level 2. HP: 17/26 MP: 5/5
   291 | D:1      | Reached skill level 3 in Maces & Flails
   474 | D:1      | Reached XP level 3. HP: 33/33 MP: 6/6
  1551 | D:2      | Reached XP level 4. HP: 40/40 MP: 7/7
  1572 | D:2      | Found a faded altar of an unknown god.
  1848 | D:2      | Learned a level 2 spell: Blink
  1852 | D:2      | Learned a level 3 spell: Teleport Other
  1938 | D:2      | Reached skill level 4 in Maces & Flails
  2239 | D:2      | Found a burning altar of Makhleb.
  2421 | D:3      | Noticed Ijyb
  2436 | D:3      | Killed Ijyb
  2437 | D:3      | Reached XP level 5. HP: 32/49 MP: 8/8
  2660 | D:3      | Found Zin's Purification Station.
  2665 | D:3      | Found a glowing silver altar of Zin.
  2815 | D:3      | Found a shimmering altar of Xom.
  2818 | D:3      | Noticed Sigmund
  2843 | D:3      | Killed Sigmund
  2844 | D:3      | Reached skill level 5 in Maces & Flails
  2844 | D:3      | Reached XP level 6. HP: 4/56 MP: 8/10
  2868 | D:3      | Learned a level 5 spell: Manifold Assault
  3467 | D:3      | Reached skill level 6 in Maces & Flails
  3541 | D:3      | Reached XP level 7. HP: 62/62 MP: 11/11
  3903 | D:4      | You fall into a shaft and drop 1 floor!
  3903 | D:5      | Entered Level 5 of the Dungeon
  3921 | D:5      | Noticed Edmund
  3961 | D:5      | Killed Edmund
  4213 | D:5      | Slain by a killer bee zombie

Illustrated notes

Levels and vault maps discovered:
D:1:      wander_arrival_desolate, layout_loops_ring
D:2:      layout_loops_ring, basic_altar, ebering_ecumenical_altar_petrified,
          eino_tiny_chamber, nrook_loot_triangle, minmay_misc_feat_tower,
          serial_bayou_pond_d
D:3:      layout_basic, zin_purify, mainiacjoe_overflow_alcove_1,
          serial_bayou_crossing, uniq_ijyb, uniq_sigmund
D:4:      minmay_door_path, layout_cave_pods
D:5:      layout_loops_cross, mainiacjoe_overflow_surrounded_room,
          minmay_shop_enchanted_jewellery, minmay_shop_damaged, uniq_edmund

Skill      XL: |  1  2  3  4  5  6  7 |
---------------+----------------------+-----
Maces & Flails | 3 4 5 6 |  6.9
Fighting       | 3 |  3.0
Spellcasting   | 3 |  3.0
Translocations | 4 |  4.2
Throwing       | |  0.8
Armour         | |  0.7
Dodging        | |  1.5

Action                   |  1- 3 |  4- 6 |  7- 9 || total
-------------------------+-------+-------+-------++-------
Melee: Mace              |    47 |       |       ||    47
       Whip              |    13 |    59 |    45 ||   117
       Flail             |       |       |    12 ||    12
 Fire: Hunting sling     |       |    39 |     8 ||    47
Throw: Dart              |       |       |    13 ||    13
       Boomerang         |       |       |     3 ||     3
 Cast: Teleport Other    |       |       |     1 ||     1
       Blink             |       |       |     1 ||     1
 Abil: Spit Poison       |    42 |    38 |    16 ||    96
Armor: Leather armour    |    18 |     9 |       ||    27
       Robe              |       |     3 |    11 ||    14
Dodge: Dodged            |    31 |    23 |    29 ||    83

Table legend: (Time is in decaauts)
 A = Elapsed time spent in this place.
 B = Non-inter-level travel time spent in this place.
 C = Inter-level travel time spent in this place.
 D = Time resting spent in this place.
 E = Time spent auto-exploring this place.
 F = Levels seen in this place.
 G = Mean time per level.
                   A        B        C        D        E       F      G
               +--------+--------+--------+--------+--------+-----+--------+
         Total |   5025 |   4596 |    429 |   1561 |   1904 |   5 | 1005.0 |
       Dungeon |   5025 |   4596 |    429 |   1561 |   1904 |   5 | 1005.0 |
               +--------+--------+--------+--------+--------+-----+--------+

Top non-repeatable levels by time:
     D:2: 1519 daAuts
     D:1: 1480 daAuts
     D:3: 1270 daAuts
     D:4: 443 daAuts
     D:5: 311 daAuts
